 Dungeon Crawl Stone Soup version 0.21.0 (webtiles) character file.

1124 microfolk the Cleaver (level 8, -2/73 HPs)
             Began as a Hill Orc Monk on Jan 6, 2018.
             Slain by Menkaure (22 damage)
             ... on level 4 of the Dungeon.
             The game lasted 00:23:22 (9465 turns).

microfolk the Cleaver (Hill Orc Monk)               Turns: 9465, Time: 00:23:22

Health: -2/73      AC:  4    Str: 16    XL:     8   Next: 35%
Magic:  0/8        EV: 13    Int: 10    God:
Gold:   353        SH:  0    Dex: 13    Spells: 7/7 levels left

rFire    . . .     SeeInvis .   t - +0 war axe
rCold    + . .     Gourm    .   (no shield)
rNeg     . . .     Faith    .   o - +1 robe {rC+}
rPois    .         Spirit   +   (no helmet)
rElec    .         Reflect  .   (no cloak)
rCorr    .         Harm     .   h - +0 pair of gloves
MR       .....                  (no boots)
Stlth    ++........             s - amulet of guardian spirit
HPRegen  0.22/turn              (no ring)
MPRegen  0.11/turn              (no ring)

@: no status effects
A: no striking features
a: no special abilities


You were on level 4 of the Dungeon.
You were not hungry.

You visited 1 branch of the dungeon, and saw 5 of its levels.

You collected 353 gold pieces.

Inventory:

Hand Weapons
 a - a +0 hand axe
 b - a +0 short sword of electrocution
 t - a +0 war axe (weapon)
Armour
 h - a +0 pair of gloves (worn)
 o - a +1 robe of cold resistance (worn)
Jewellery
 j - an uncursed amulet of regeneration
 s - an amulet of guardian spirit (around neck)
Wands
 l - a wand of digging (7)
Scrolls
 d - a scroll of magic mapping {unknown}
 e - a scroll of remove curse
 f - a scroll of blinking {unknown}
 i - a scroll of enchant armour {unknown}
 k - a scroll of fear
 q - 2 scrolls of teleportation
Potions
 m - 2 potions of curing
 n - a potion of lignification {unknown}
 p - 2 potions of ambrosia
 r - 3 potions of agility
Comestibles
 c - 4 rations


   Skills:
 + Level 7.5 Fighting
 + Level 8.3 Axes
 + Level 5.8 Armour
 - Level 2.4 Dodging
 - Level 1.5 Stealth


You had 7 spell levels left.
You didn't know any spells.

Dungeon Overview and Level Annotations

Branches:
Dungeon (5/15)
 Temple: D:4-7

Altars:
Dithmenos
Ru
Vehumet

Shops:
D:4 [   D:5 *(

Annotations:
D:3 exclusion: downstairs, Edmund
D:4 Menkaure
D:5 microfolk's ghost, novice HOMo


Message History

Menkaure is heavily damaged.
Menkaure barely misses you.
You hit Menkaure but do no damage.
Menkaure is heavily damaged.
Menkaure barely misses you. Menkaure completely misses you.
You hit Menkaure.
Menkaure is heavily damaged.
Menkaure completely misses you.
You hit Menkaure.
Menkaure is severely damaged.
Menkaure barely misses you.
You hit Menkaure.
Menkaure is almost destroyed.
Menkaure casts a spell at you. Pain shoots through your body!
Menkaure hits you.
* * * LOW HITPOINT WARNING * * *
You barely miss Menkaure.
Menkaure is almost destroyed.
Menkaure hits you!!
You die...

#.#...#...#........#######..#
#.#...#...#..##.##....#.....#
#####.'#######'..##.#####.#)#...#
....................# #.#.#.%.#
.#############...########...#...#
.#############.............##...#
...........................##...#
.#########..###.[#########.##...#
## #..# #.@# ##.##....
#..###M.### #......## #
#..#......# #..###.## ##
###..#<.....# ##..##...#
.#######...........# #...#.....
..)......#..#[.....# #.........
.########..........#####..##)....
## #...#.#.................# #
#...#.#.##........#######


You could see Menkaure.

Vanquished Creatures
  Eustachio (D:4)
  4 big kobolds
  A bullfrog skeleton (D:4)
  A hound (D:5)
  Jessica (D:2)
  Ijyb (D:4)
  Natasha (thrice) (D:4)
  3 orc wizards
  8 worker ants (D:4)
  A hound skeleton (D:4)
  A howler monkey skeleton (D:5)
  6 gnolls
  6 adders
  A worm (D:2)
  7 leopard geckos
  2 orcs
  7 bats
  A giant cockroach (D:5)
  17 hobgoblins
  15 jackals
  A quokka (D:3)
  6 frilled lizards
  26 goblins
  A jackal skeleton (D:5)
  A jackal zombie (D:5)
  7 kobolds
  7 rats
136 creatures vanquished.

Vanquished Creatures (others)
  A rat (D:2)
1 creature vanquished.

Grand Total: 137 creatures vanquished

Notes
Turn   | Place    | Note
-------+----------+-------------------------------------------
     0 | D:1      | microfolk the Hill Orc Monk began the quest for the Orb.
     0 | D:1      | Reached XP level 1. HP: 19/19 MP: 1/1
   352 | D:1      | Reached XP level 2. HP: 25/27 MP: 2/2
   377 | D:1      | Reached skill level 1 in Armour
   946 | D:2      | Reached XP level 3. HP: 33/33 MP: 3/3
  1018 | D:2      | HP: 1/33 [worm (8)]
  1378 | D:2      | Found a radiant altar of Vehumet.
  1992 | D:2      | Noticed Jessica
  2006 | D:2      | Killed Jessica
  2006 | D:2      | Reached skill level 5 in Axes
  2006 | D:2      | Reached XP level 4. HP: 22/41 MP: 4/4
  4021 | D:3      | Reached XP level 5. HP: 47/47 MP: 5/5
  4602 | D:3      | Reached skill level 5 in Fighting
  4667 | D:3      | Noticed a big kobold
  4734 | D:3      | Killed a big kobold
  4734 | D:3      | Reached XP level 6. HP: 40/56 MP: 6/6
  4859 | D:3      | Reached skill level 6 in Axes
  5251 | D:4      | HP: 2/56 [worker ant (7)]
  5487 | D:4      | Noticed Edmund
  5791 | D:5      | Entered Level 5 of the Dungeon
  6076 | D:4      | Reached XP level 7. HP: 45/63 MP: 7/7
  6201 | D:4      | Noticed Ijyb
  6237 | D:4      | Killed Ijyb
  6382 | D:4      | Noticed Natasha
  6473 | D:4      | Found a shadowy altar of Dithmenos.
  6553 | D:4      | Reached skill level 7 in Axes
  6954 | D:4      | Killed Natasha
  7228 | D:4      | Found Gusm's Antique Armour Emporium.
  7455 | D:4      | Found a sacrificial altar of Ru.
  7656 | D:4      | Noticed Natasha
  7660 | D:4      | Killed Natasha
  7660 | D:4      | Reached skill level 5 in Armour
  7677 | D:5      | Found Hisetargh's Antique Weapon Shop.
  7677 | D:5      | Noticed Eustachio
  7678 | D:5      | Noticed Menkaure
  7680 | D:5      | Noticed microfolk's ghost (novice HOMo)
  7684 | D:4      | Noticed Natasha
  7688 | D:4      | Killed Natasha
  8169 | D:4      | Reached XP level 8. HP: 71/73 MP: 6/8
  8442 | D:5      | Found Pigug's Assorted Antiques.
  8875 | D:4      | Reached skill level 8 in Axes
  9114 | D:4      | Killed Eustachio
  9465 | D:4      | Slain by Menkaure

Skill      XL: |  1  2  3  4  5  6  7  8 |
---------------+-------------------------+-----
Armour         | 1 2 3 4 5 |  5.8
Fighting       | 4 5 6 7 |  7.5
Axes           | 5 6 7 8 |  8.3
Dodging        | |  2.4
Stealth        | |  1.5

Action                   |  1- 3 |  4- 6 |  7- 9 || total
-------------------------+-------+-------+-------++-------
Melee: Hand axe          |   115 |   299 |    84 ||   498
       War axe           |       |       |   144 ||   144
  Use: Scroll            |     1 |     4 |     5 ||    10
       Potion            |       |     1 |     2 ||     3
 Stab: Sleeping          |     3 |       |     1 ||     4
       Distracted        |       |     1 |       ||     1
  Eat: Chunk             |     3 |    11 |     5 ||    19
       Ration            |       |     1 |     2 ||     3
Armor: Robe              |    22 |    53 |    35 ||   110
Dodge: Dodged            |    62 |   216 |   171 ||   449
